 Dungeon Crawl Stone Soup version 0.18-a0-1702-gd20c6a5 (webtiles) character file.

9312 InvalidUsername the Destroyer (level 11, -7/68 HPs)
             Began as a Demonspawn Wizard on Apr 7, 2016.
             Was an Elder of Vehumet.
             Mangled by George's ghost (26 damage)
             ... on level 11 of the Dungeon.
             The game lasted 00:42:30 (12832 turns).

InvalidUsername the Destroyer (Demonspawn Wizard)  Turns: 12832, Time: 00:42:31

Health: -7/68      AC: 12    Str: 15    XL:     11   Next: 21%
Magic:  24/24      EV:  8    Int: 20    God:    Vehumet [****..]
Gold:   563        SH:  2    Dex: 12    Spells: 8 memorised, 10 levels left

rFire  . . .     SeeInvis +     u - +0 whip (elec)
rCold  + . .     Gourm    .     a - +0 robe
rNeg   . . .     Faith    .     (no shield)
rPois  .         Spirit   .     (helmet unavailable)
rElec  .         Dismiss  .     f - +0 cloak
rCorr  .         Reflect  +     s - +1 pair of gloves
SustAt .         Harm     .     B - +0 pair of boots
MR     .....                    F - +2 amulet of reflection
Stlth  +++.......               j - ring of stealth
                                e - +1 ring of evasion

@: mighty, not resistant to hostile enchantments, fairly stealthy
A: antennae 3, iridescent scales 2, cold resistance 1, powered by pain 2,
evolution 1, MP-powered wands
a: Renounce Religion


You were on level 11 of the Dungeon.
You worshipped Vehumet.
Vehumet was greatly pleased with you.
You were not hungry.

You visited 1 branch of the dungeon, and saw 11 of its levels.

You collected 693 gold pieces.
You spent 130 gold pieces at shops.

Inventory:

Hand Weapons
 g - a +0 whip
 t - a +1 dagger
 u - a +0 whip of electrocution (weapon)
Missiles
 E - a throwing net (quivered)
Armour
 a - a +0 robe (worn)
 b - a +0 hat
 f - a +0 cloak (worn)
 m - a +0 buckler
 q - a +0 pair of boots
 s - a +1 pair of gloves (worn)
 y - a +0 cloak
 B - a +0 pair of boots (worn)
Jewellery
 e - a +1 ring of evasion (left hand)
 h - an uncursed amulet of rage
 j - a ring of stealth (right hand)
 D - an uncursed ring of loudness
 F - a +2 amulet of reflection (around neck)
 N - an uncursed amulet of guardian spirit
 P - an uncursed ring of wizardry {unknown}
Wands
 r - a wand of slowing (16/48)
 C - a wand of lightning (15/15)
 I - a wand of iceblast (3/15)
 J - a wand of lightning (3/15)
 M - a wand of iceblast (8/15)
Scrolls
 i - 4 scrolls of remove curse
 k - 9 scrolls of identify
 o - 3 scrolls of recharging
 p - 2 scrolls of enchant weapon
 v - 2 scrolls of enchant armour
 w - a scroll of teleportation
 A - 2 scrolls of torment
 G - 2 scrolls of amnesia
Potions
 x - 5 potions of agility
 H - a potion of cure mutation {unknown}
 L - 2 potions of might
 Q - a potion of curing {unknown}
Books
 c - a book of Minor Magic

   Spells                             Type                      Level
   a - Magic Dart                     Conjuration                  1
   b - Blink                          Translocation                2
   c - Call Imp                       Summoning                    2
   d - Repel Missiles                 Charms/Air                   2
   e - Slow                           Hexes                        2
   f - Conjure Flame                  Conjuration/Fire             3
   g - Mephitic Cloud                 Conjuration/Poison/Air       3
 O - a book of Death

   Spells                             Type                      Level
   a - Corpse Rot                     Necromancy                   2
   b - Sublimation of Blood           Necromancy                   2
   c - Agony                          Necromancy                   5
   d - Dispel Undead                  Necromancy                   5
   e - Excruciating Wounds            Charms/Necromancy            5
   f - Bolt of Draining               Conjuration/Necromancy       5
Comestibles
 d - 7 bread rations
 l - 5 royal jellies
 n - 5 meat rations
 z - a slice of pizza
 K - 9 fruits


   Skills:
 - Level 1.7 Dodging
 - Level 1.7 Stealth
 + Level 9.8 Spellcasting
 * Level 13.8 Conjurations
   Level 1.0 Summonings
 - Level 0.8 Translocations


You had 10 spell levels left.
You knew the following spells:

 Your Spells              Type           Power        Failure   Level  Hunger
a - Magic Dart            Conj           ####         1%          1    None
b - Stone Arrow           Conj/Erth      #####.       1%          3    None
c - Mephitic Cloud        Conj/Pois/Air  ####....     1%          3    None
d - Throw Frost           Conj/Ice       #####.       1%          2    None
e - Ignite Poison         Fire/Trmt/Pois #.......     7%          3    None
f - Conjure Flame         Conj/Fire      #####...     1%          3    None
h - Repel Missiles        Chrm/Air       #.....       14%         2    None
w - Blink                 Tloc           N/A          10%         2    None


Dungeon Overview and Level Annotations

Branches:
Dungeon (11/15)            Temple (0/1) D:5
   Lair: D:8-11         Orc: D:9-12

Altars:
Cheibriados
Dithmenos
Fedhas
Gozag
Kikubaaqudgha
Makhleb
Nemelex Xobeh
Okawaru
Pakellas
Qazlal
Ru
Trog
Vehumet
Xom
Zin

Shops:
D:5 *

Annotations:
D:4 exclusion: statue
D:8 4 exclusions
D:11 George's ghost, journeyman FoFi


Innate Abilities, Weirdness & Mutations

You have a pair of large antennae on your head (SInv).
You are mostly covered in iridescent scales (AC +6).
You sometimes gain power by taking damage.
Your flesh is cold resistant.
You evolve.
You expend magic power (3 MP) to strengthen your wands.


Message History

Press: ? - help, v - describe, . - travel
Here: George's ghost The floor, spattered with blood.
Unknown command.
Unknown command.
Casting: Conjure Flame
Confirm with . or Enter, or press ? or * to list all spells.
Aiming: Stone Arrow
Press: ? - help, Shift-Dir - straight line, f - George's ghost
Aim: George's ghost
Okay, then.
Unknown command.
Your magical contamination has completely faded away.
Vehumet accepts your kill.
You feel a bit more experienced.
There is a stone staircase leading up here.
You see here a hand axe of chopping.
There is a stone staircase leading up here.
George's ghost hits you!!
You die...

#.###.##
#....##
#.##..##
.. #...#
#####.# ##
#.##.
#.....#
#.##.
##)#####
#.##.
#....).#
#....
#..###@#
#.#..
#.).##W#
#../.
#.#.##.#
.....#.#.
#......#
##.#.#.#.
###.#### #
#.#.#. #.#
....#. #.#
# ###. #.#
#. #.#
#########.


You could see George's ghost.

Vanquished Creatures
  Erolcha (D:8)
  An unseen horror (D:9)
  Pikel (D:6)
  A hill giant (D:11)
  A troll (D:10)
  Sigmund (D:3)
  A wyvern (D:10)
  11 yaks
  2 hippogriffs
  Duvessa (D:4)
  A water moccasin (D:9)
  The ghost of Xenophilius the Ruffian, an amateur TrWr (D:4)
  7 sky beasts
  A wasp (D:9)
  2 ice beasts
  An orc warrior (D:6)
  5 phantoms
  An ogre (D:10)
  3 centaurs
  2 giant frogs
  A big kobold (D:11)
  A gnoll sergeant (D:7)
  A scorpion (D:9)
  Dowan (D:4)
  3 killer bees (D:7)
  2 spriggan skeletons (D:9)
  A troll skeleton (D:9)
  3 howler monkeys
  5 crimson imps
  A jelly (D:7)
  3 hounds
  Crazy Yiuf (D:6)
  6 centaur skeletons
  3 giant frog skeletons
  5 orc priests
  13 orc wizards
  Terence (D:2)
  3 iguanas
  10 worker ants
  A killer bee zombie (D:3)
  A hound zombie (D:9)
  2 hound skeletons (D:4)
  4 gnolls (D:7)
  20 adders
  3 shadow imps
  An ooze (D:7)
  An adder skeleton (D:4)
  3 worms
  A dart slug (D:1)
  3 giant geckos
  39 orcs
  2 giant cockroaches
  11 goblins
  12 hobgoblins
  4 jackals (D:4)
  7 quokkas
  2 ball pythons
  4 bats
  A giant cockroach zombie (D:5)
  4 giant newts
  A jackal skeleton (D:5)
  6 kobolds
  11 rats
253 creatures vanquished.

Vanquished Creatures (collateral kills)
  A yak (D:9)
  A killer bee (D:7)
2 creatures vanquished.

Vanquished Creatures (others)
  A giant frog skeleton (D:6)
  A worker ant (D:6)
2 creatures vanquished.

Grand Total: 257 creatures vanquished

Notes
Turn   | Place    | Note
--------------------------------------------------------------
     0 | D:1      | InvalidUsername the Demonspawn Wizard began the quest for the Orb.
     0 | D:1      | Reached XP level 1. HP: 13/13 MP: 4/4
   195 | D:1      | Gained mutation: You are partially covered in iridescent scales (AC +4). [demonic ancestry]
   195 | D:1      | Reached XP level 2. HP: 18/19 MP: 1/6
   612 | D:1      | Reached skill level 2 in Conjurations
   931 | D:2      | Found a burning altar of Makhleb.
  1111 | D:2      | Gained mutation: You have a pair of small antennae on your head. [demonic ancestry]
  1111 | D:2      | Reached XP level 3. HP: 14/24 MP: 0/7
  1438 | D:2      | Reached skill level 3 in Conjurations
  1536 | D:2      | Found a shadowy altar of Dithmenos.
  1541 | D:2      | Noticed Terence
  1643 | D:1      | Learned a level 3 spell: Conjure Flame
  1647 | D:1      | Learned a level 3 spell: Mephitic Cloud
  1743 | D:2      | Gained mutation: You have a pair of antennae on your head. [demonic ancestry]
  1743 | D:2      | Reached XP level 4. HP: 30/30 MP: 5/9
  2105 | D:2      | Killed Terence
  2294 | D:3      | Noticed Sigmund
  2310 | D:3      | Killed Sigmund
  2310 | D:3      | Reached skill level 4 in Conjurations
  2310 | D:3      | Gained mutation: You sometimes gain a little power by taking damage. [demonic ancestry]
  2310 | D:3      | Reached XP level 5. HP: 27/35 MP: 1/11
  2464 | D:3      | Reached skill level 5 in Conjurations
  2464 | D:3      | Gained mutation: You have a pair of large antennae on your head (SInv). [demonic ancestry]
  2464 | D:3      | Reached XP level 6. HP: 36/41 MP: 6/12
  2854 | D:3      | Found a bloodstained altar of Trog.
  3296 | D:4      | Noticed Xenophilius's ghost (amateur TrWr)
  3695 | D:4      | Reached skill level 6 in Conjurations
  3695 | D:4      | Reached XP level 7. HP: 43/46 MP: 1/14
  3819 | D:4      | Reached skill level 5 in Spellcasting
  4074 | D:4      | Learned a level 2 spell: Repel Missiles
  4077 | D:4      | Learned a level 2 spell: Blink
  4112 | D:4      | Found a radiant altar of Vehumet.
  4129 | D:4      | Noticed Duvessa
  4129 | D:4      | Noticed Dowan
  4153 | D:4      | Killed Dowan
  4156 | D:4      | Gained mutation: You have supernaturally acute eyesight. [potion of beneficial mutation]
  4556 | D:4      | Became a worshipper of Vehumet
  4827 | D:4      | Killed Duvessa
  4827 | D:4      | Reached skill level 7 in Conjurations
  5099 | D:4      | Killed Xenophilius's ghost
  5320 | D:5      | Entered Level 5 of the Dungeon
  5320 | D:5      | Found Nedamum's Assorted Antiques.
  5347 | D:5      | Bought a tourmaline ring for 130 gold pieces
  5455 | D:5      | Gained mutation: You are mostly covered in iridescent scales (AC +6). [demonic ancestry]
  5455 | D:5      | Reached XP level 8. HP: 41/52 MP: 9/16
  5532 | D:5      | Found a staircase to the Ecumenical Temple.
  5573 | D:5      | Found an opulent altar of Gozag.
  5602 | D:5      | Found a sparkling altar of Nemelex Xobeh.
  5802 | D:5      | Reached skill level 8 in Conjurations
  5977 | D:5      | Reached * piety under Vehumet
  5977 | D:5      | Offered knowledge of Flame Tongue by Vehumet.
  6266 | D:5      | Found a stormy altar of Qazlal.
  6542 | D:6      | Noticed Pikel
  6556 | D:6      | Killed Pikel
  6556 | D:6      | Reached skill level 9 in Conjurations
  6556 | D:6      | Reached XP level 9. HP: 57/57 MP: 12/19
  6710 | D:6      | Got a faintly glowing scale mail
  6711 | D:6      | Identified the +1 scale mail "Juk Bug" {rF- rN+ Regen+ Dex+2} (You found it on level 6 of the Dungeon)
  6991 | D:6      | Reached skill level 10 in Conjurations
  7147 | D:6      | Gained mutation: You expend magic power (3 MP) to strengthen your wands. [mutagenic meat]
  7148 | D:6      | Gained mutation: You evolve. [mutagenic meat]
  7149 | D:6      | Gained mutation: Your flesh is cold resistant. [mutagenic meat]
  7150 | D:6      | Lost mutation: You have supernaturally acute eyesight. [mutagenic meat]
  7227 | D:6      | Noticed Crazy Yiuf
  7233 | D:6      | Killed Crazy Yiuf
  8078 | D:7      | Identified a scroll of acquirement
  8115 | D:7      | Offered knowledge of Throw Frost by Vehumet.
  8119 | D:7      | Reached ** piety under Vehumet
  8276 | D:7      | Reached skill level 11 in Conjurations
  9143 | D:8      | Noticed an angel
  9143 | D:8      | Found a shimmering altar of Xom.
  9144 | D:8      | Found a glowing silver altar of Zin.
  9371 | D:8      | Found an iron altar of Okawaru.
  9414 | D:8      | Noticed Erolcha
  9442 | D:8      | Killed Erolcha
  9442 | D:8      | Gained mutation: You sometimes gain power by taking damage. [demonic ancestry]
  9442 | D:8      | Reached XP level 10. HP: 43/63 MP: 16/22
  9477 | D:8      | Found a sacrificial altar of Ru.
 10052 | D:9      | Learned a level 2 spell: Throw Frost
 10074 | D:9      | Found an oddly glowing altar of Pakellas.
 10132 | D:9      | Offered knowledge of Stone Arrow by Vehumet.
 10238 | D:9      | Learned a level 3 spell: Stone Arrow
 10248 | D:9      | Reached skill level 12 in Conjurations
 10444 | D:9      | Found a blossoming altar of Fedhas.
 10444 | D:9      | Found an ancient bone altar of Kikubaaqudgha.
 10626 | D:9      | Found a snail-covered altar of Cheibriados.
 10845 | D:9      | Reached *** piety under Vehumet
 11083 | D:9      | Noticed an unseen horror
 11098 | D:9      | Killed an unseen horror
 11250 | D:9      | Offered knowledge of Ignite Poison by Vehumet.
 11259 | D:9      | Learned a level 3 spell: Ignite Poison
 11347 | D:10     | Entered Level 10 of the Dungeon
 11631 | D:10     | Reached skill level 13 in Conjurations
 11946 | D:10     | Reached XP level 11. HP: 60/68 MP: 20/24
 12672 | D:11     | Noticed George's ghost (journeyman FoFi)
 12752 | D:11     | Noticed an unseen horror
 12754 | D:11     | Reached **** piety under Vehumet
 12756 | D:11     | Noticed a hill giant
 12790 | D:11     | Killed a hill giant
 12832 | D:11     | Mangled by George's ghost

Vault maps used:
D:1:      saegor_arrival_simple_d
D:2:      lemuel_crystal_altar, grunt_dithmenos_smoke, uniq_terence
D:3:      old_standard_altar, first_bread, serial_bayou_pond_c,
          guppyfry_early_orc_mine, uniq_sigmund
D:4:      vehumet_statue, grunt_ministairs_13, uniq_duvessa
D:5:      lemuel_crystal_altar, marbit_many_paths,
          nemelex_xobeh_ov_fountains_minmay, minmay_temple_entry_butterflies,
          serial_shops, shop_fountains
D:6:      uniq_pikel, uniq_crazy_yiuf_cottage
D:8:      grunt_temple_overflow_order_and_chaos_1, kennysheep_okawaru_gauntlet,
          lemuel_doored_altar, uniq_erolcha
D:9:      grunt_temple_overflow_growth_and_decay, cheibrodos_worm_habitat,
          nicolae_overflow_crystal_walls, hangedman_tell_no_tales
D:11:     david_lair_shrubbed, minivault_20

Skill      XL: |  1  2  3  4  5  6  7  8  9 10 |
---------------+-------------------------------+-----
Conjurations   | 2 3 4 5 6 7 9 11 13 | 13.8
Spellcasting   | 4 5 6 8 9 |  9.8
Dodging        | |  1.7
Stealth        | |  1.7
Summonings     | |  1.0
Translocations | |  0.8

Action                   |  1- 3 |  4- 6 |  7- 9 | 10-12 || total
-------------------------+-------+-------+-------+-------++-------
Melee: Unarmed           |     1 |       |       |       ||     1
       Whip              |    21 |       |    78 |   220 ||   319
       Dagger            |     3 |   106 |   134 |       ||   243
Throw: Throwing net      |       |       |       |     2 ||     2
 Cast: Magic Dart        |    70 |   122 |   296 |    82 ||   570
       Mephitic Cloud    |       |     9 |    25 |    12 ||    46
       Conjure Flame     |       |     5 |    10 |    11 ||    26
       Repel Missiles    |       |       |     2 |       ||     2
       Stone Arrow       |       |       |       |    60 ||    60
       Blink             |       |       |       |     3 ||     3
  Use: Potion            |       |       |     7 |       ||     7
       Scroll            |       |       |    17 |       ||    17
 Stab: Confused          |       |     2 |     9 |     3 ||    14
       Sleeping          |       |       |     1 |     3 ||     4
  Eat: Chunk             |     2 |     7 |    12 |     6 ||    27
       Beef jerky        |       |       |     2 |       ||     2
       Bread ration      |       |       |     2 |     1 ||     3
